 Dungeon Crawl Stone Soup version 0.22.1-2-g9c5b331 (webtiles) character file.

1519 john2 the Cleaver (level 8, -9/71 HPs)
             Began as a Minotaur Abyssal Knight on Nov 27, 2018.
             Was a Believer of Lugonu.
             Splashed by Joseph's acid (12 damage)
             ... on level 7 of the Dungeon.
             The game lasted 00:24:20 (8242 turns).

john2 the Cleaver (Minotaur Abyssal Knight)         Turns: 8242, Time: 00:24:20

Health: -9/71      AC:  7    Str: 18    XL:     8   Next: 54%
Magic:  10/10      EV:  7    Int:  9    God:    Lugonu [**....]
Gold:   286        SH:  0    Dex: 11    Spells: 7/7 levels left

rFire    . . .     SeeInvis .   n - +3 hand axe
rCold    . . .     Gourm    .   (no shield)
rNeg     . . .     Faith    .   z - +0 chain mail
rPois    .         Spirit   .   (helmet restricted)
rElec    .         Reflect  .   P - +0 cloak
rCorr    .         Harm     .   (no gloves)
MR       .....                  (no boots)
Stlth    ..........             p - amulet of rage
HPRegen  0.21/turn              (no ring)
MPRegen  0.12/turn              (no ring)

@: corroded, berserk cooldown, slowed, very slow
A: retaliatory headbutt, horns 2
a: Depart the Abyss, Bend Space, Renounce Religion, Evoke Berserk Rage


You were on level 7 of the Dungeon.
You worshipped Lugonu.
Lugonu was pleased with you.
You were hungry.

You visited 1 branch of the dungeon, and saw 7 of its levels.
You visited the Abyss 1 time.

You collected 286 gold pieces.

Inventory:

Hand Weapons
 a - a +1 hand axe
 n - a +3 hand axe (weapon)
 s - a +1 flail of protection
 A - a +1 dire flail of venom
 D - a +0 war axe
 I - a +0 short sword of draining
 K - a cursed +0 hand axe
Armour
 l - a +0 ring mail
 q - a +0 ring mail
 u - a +0 ring mail
 v - a +0 ring mail
 z - a +0 chain mail (worn)
 E - a +0 scale mail
 F - a +0 scale mail
 O - a +0 scale mail
 P - a +0 cloak (worn)
Jewellery
 p - an amulet of rage (around neck)
Wands
 B - a wand of random effects (30)
Scrolls
 d - a scroll of amnesia
 e - a scroll of holy word {unknown}
 g - a scroll of immolation
 j - a scroll of fog
 o - a scroll of remove curse
 r - 2 scrolls of random uselessness {unknown}
 x - a scroll of enchant armour {unknown}
 y - a scroll of enchant weapon {unknown}
 G - a scroll of teleportation {unknown}
 M - a scroll of magic mapping {unknown}
Potions
 h - 3 potions of curing
 i - 2 potions of degeneration
 k - a potion of berserk rage
 t - a potion of haste
 w - a potion of lignification
 C - a potion of magic {unknown}
 H - a potion of agility {unknown}
 J - a potion of mutation {unknown}
Comestibles
 c - 6 rations


   Skills:
 + Level 6.8 Fighting
 * Level 8.5 Axes
 + Level 6.1 Armour
 - Level 1.1 Dodging
 + Level 5.0 Invocations


You had 7 spell levels left.
You didn't know any spells.
Your spell library was empty.

Dungeon Overview and Level Annotations

Branches:
Dungeon (7/15)             Temple (0/1) D:6

Altars:
Cheibriados
Hepliaklqana
Kikubaaqudgha
Qazlal
Wu Jian
Xom

Shops:
D:4 **?%

Annotations:
D:7 Joseph


Innate Abilities, Weirdness & Mutations

You reflexively headbutt those who attack you in melee.
You have a pair of horns on your head.


Message History

Joseph zaps a wand.
The bolt of acid misses you.
You feel much better.
Joseph says, "I've waited for this moment for such a long time."
Joseph hits you but does no damage.
Joseph hits you with an uncursed quarterstaff of speed!
You slash Joseph! You headbutt Joseph, but do no damage.
Joseph is severely wounded.
You are no longer corroded.
Joseph says, "I've waited for this moment for such a long time."
Joseph zaps a wand.
The bolt of acid hits you!
* * * LOW HITPOINT WARNING * * *
The acid corrodes you!
You are splashed with acid!
The acid burns!
* * * LOW HITPOINT WARNING * * *
All of the chunks of flesh in your inventory have rotted away.
You feel much better.
Joseph hits you with an uncursed quarterstaff of speed.
Joseph zaps a wand.
The bolt of acid hits you!
* * * LOW HITPOINT WARNING * * *
You are splashed with acid!
The acid burns!
You die...

###@..# ####
##....##
###.....####
#..........###
##............#
#.............. .
##.............#
#.
#.....@.......##
#.#.....@......##
#.............#
#............##
##.....<....##
#......(..##
#...####### #...
#... #...


You could see Joseph.

Vanquished Creatures
  Prince Ribbit (D:5)
  Edmund (D:5)
  2 ogres
  A phantom (D:5)
  A bullfrog (D:5)
  A wyvern skeleton (D:5)
  3 scorpions
  3 crimson imps (D:6)
  4 hounds
  Crazy Yiuf (D:6)
  3 orc priests (D:6)
  Jessica (D:2)
  Natasha (D:3)
  An orc wizard (D:5)
  3 worker ants
  11 adders
  4 gnolls (D:6)
  An ooze (D:1)
  A worm (D:5)
  A dart slug (D:4)
  5 leopard geckos
  11 orcs
  5 bats
  A giant cockroach (D:2)
  3 goblins
  3 hobgoblins
  14 jackals
  3 kobolds
  A ball python (D:3)
  5 frilled lizards
  A rat (D:1)
97 creatures vanquished.

Notes
Turn   | Place    | Note
-------+----------+-------------------------------------------
     0 | Abyss:1  | john2 the Minotaur Abyssal Knight began the quest for the
                  | Orb.
     0 | Abyss:1  | Reached XP level 1. HP: 19/19 MP: 1/1
    98 | D:1      | Escaped the Abyss
   418 | D:1      | Reached XP level 2. HP: 18/27 MP: 2/2
   557 | D:1      | Reached * piety under Lugonu
   598 | D:1      | Reached skill level 3 in Axes
  1363 | D:2      | Found a snail-covered altar of Cheibriados.
  1377 | D:2      | Reached XP level 3. HP: 17/33 MP: 3/3
  1685 | D:2      | Found a shattered altar of Ashenzari.
  1687 | D:2      | Found a glowing golden altar of the Shining One.
  1687 | D:2      | Found an ancient bone altar of Kikubaaqudgha.
  1689 | D:2      | Found a shimmering altar of Xom.
  1689 | D:2      | Found a stormy altar of Qazlal.
  1689 | D:2      | Found an opulent altar of Gozag.
  1907 | D:2      | Found an ornate altar of the Wu Jian Council.
  2254 | D:2      | Reached XP level 4. HP: 31/40 MP: 4/4
  2429 | D:2      | Noticed Jessica
  2431 | D:2      | Found a hazy altar of Hepliaklqana.
  2437 | D:2      | Killed Jessica
  2437 | D:2      | Reached skill level 4 in Axes
  2926 | D:3      | Reached XP level 5. HP: 46/47 MP: 6/6
  2945 | D:3      | Noticed Natasha
  2956 | D:3      | Killed Natasha
  3494 | D:4      | Noticed an ogre
  3506 | D:4      | Killed an ogre
  3506 | D:4      | Reached skill level 5 in Axes
  3531 | D:4      | Found Guecaur's Assorted Antiques.
  3540 | D:4      | Found Gyeroly's Magic Scroll Boutique.
  3583 | D:4      | Reached XP level 6. HP: 52/55 MP: 7/7
  3635 | D:4      | Found Nigumaf's Food Boutique.
  3741 | D:4      | Reached skill level 5 in Fighting
  4221 | D:4      | Found Ufukloschu's Assorted Antiques.
  4885 | D:5      | Entered Level 5 of the Dungeon
  4947 | D:5      | Reached skill level 6 in Axes
  4947 | D:5      | Reached XP level 7. HP: 28/61 MP: 8/8
  4959 | D:5      | Reached ** piety under Lugonu
  5348 | D:5      | Reached skill level 5 in Armour
  5812 | D:5      | Noticed Edmund
  5819 | D:5      | Killed Edmund
  5819 | D:5      | Reached skill level 7 in Axes
  6279 | D:5      | Noticed Prince Ribbit
  6488 | D:5      | Killed Prince Ribbit
  6488 | D:5      | Reached XP level 8. HP: 59/70 MP: 10/10
  7077 | D:6      | Reached skill level 8 in Axes
  7085 | D:6      | Found a staircase to the Ecumenical Temple.
  7372 | D:6      | Found a runed door.
  7543 | D:6      | Found a stormy altar of Qazlal.
  7863 | D:6      | Reached skill level 5 in Invocations
  7999 | D:6      | Noticed Crazy Yiuf
  8002 | D:6      | Killed Crazy Yiuf
  8082 | D:7      | Noticed Joseph
  8242 | D:7      | HP: 3/71 [Joseph/wand of acid (3) (21)]
  8242 | D:7      | Splashed by Joseph's acid

Skill      XL: |  1  2  3  4  5  6  7  8 |
---------------+-------------------------+-----
Invocations    | 2 3 4 5 |  5.0
Axes           | 3 4 5 6 7 8 |  8.5
Fighting       | 4 5 6 |  6.8
Armour         | 3 4 5 6 |  6.1
Dodging        | |  1.1

Action                   |  1- 3 |  4- 6 |  7- 9 || total
-------------------------+-------+-------+-------++-------
Melee: Hand axe          |    59 |   107 |   162 ||   328
       Headbutt          |     8 |    11 |    19 ||    38
Invok: Depart the Abyss  |     1 |       |       ||     1
 Abil: Evoke Berserk Rag |       |       |     1 ||     1
  Use: Scroll            |       |     5 |     5 ||    10
       Potion            |       |       |     2 ||     2
  Eat: Chunk             |     4 |     5 |     7 ||    16
       Ration            |       |     1 |     1 ||     2
Armor: Leather armour    |    19 |    11 |       ||    30
       Ring mail         |       |     8 |       ||     8
       Chain mail        |       |     3 |    74 ||    77
Dodge: Dodged            |    43 |    50 |    57 ||   150
